 Dungeon Crawl Stone Soup version 0.29.1-12-g30fa7ad0bf (webtiles) character file.

Game seed: 13319196145824011106

4013 bencek the Bludgeoner (level 10, -1/80 HPs)
             Began as a Minotaur Fighter on Jan 15, 2023.
             Was a Priest of Trog.
             Succumbed to Psyche's poison
             ... on level 8 of the Dungeon.
             The game lasted 00:41:41 (7707 turns).

bencek the Bludgeoner (Minotaur Fighter)            Turns: 7707, Time: 00:41:42

Health: -1/80      AC:  0    Str: 26    XL:     10   Next: 3%
Magic:  6/9        EV: 17    Int:  5    God:    Trog [***...]
Gold:   379        SH:  0    Dex: 14    Spells: 9/9 levels left

rFire   . . .      SeeInvis .   (weapon currently unavailable)
rCold   . . .      Faith    .   (shield currently unavailable)
rNeg    . . .      Spirit   .   (body armour currently unavailable)
rPois   .          Reflect  .   (helmet currently unavailable)
rElec   .          Harm     .   (cloak currently unavailable)
rCorr   .          Rampage  .   (gloves currently unavailable)
Will    .....                   (boots currently unavailable)
Stlth   +.........              g - amulet of the acrobat
HPRegen 0.23/turn               (ring currently unavailable)
MPRegen 0.11/turn               (ring currently unavailable)

@: lethally poisoned (-1 -> -19), about to teleport, bat-form, flying,
invisible, very quick
A: fast, flying, no casting, tiny, (horns 2), (retaliatory headbutt)
a: Renounce Religion, Berserk, Trog's Hand


You were on level 8 of the Dungeon.
You worshipped Trog.
Trog was most pleased with you.
You were a bat.
You visited 1 branch of the dungeon, and saw 8 of its levels.

You collected 379 gold pieces.

Inventory:

Hand Weapons
 a - a +0 flail
 h - a +2 whip of flaming (melded)
Armour
 c - a +0 buckler (melded)
 f - a +0 plate armour (melded)
 j - a +0 chain mail
 l - a +0 pair of gloves (melded)
 s - a +0 cloak (melded)
Jewellery
 g - an amulet of the acrobat (around neck)
 n - a ring of fire (melded)
 q - a ring of willpower
 u - an amulet of magic regeneration
Wands
 p - a wand of light (10)
 w - a wand of iceblast (5)
Scrolls
 d - a scroll of vulnerability
 e - 5 scrolls of teleportation
 m - 3 scrolls of fear
 x - 2 scrolls of identify
 y - a scroll of butterflies {unknown}
 z - a scroll of brand weapon {unknown}
 A - a scroll of enchant weapon {unknown}
Potions
 b - 2 potions of berserk rage
 k - a potion of resistance
 o - 2 potions of curing
 r - a potion of lignification (quivered) {unknown}
 t - 5 potions of mutation
 v - a potion of brilliance


   Skills:
 - Level 4.4 Fighting
 + Level 16.3 Maces & Flails
 - Level 4.9 Armour
 - Level 0.2 Dodging
 - Level 0.1 Stealth
 - Level 4.2 Shields


You had 9 spell levels left.
You didn't know any spells.
Your spell library was empty.

Dungeon Overview and Level Annotations

Branches:
Dungeon (8/15)             Temple (0/1) D:6
   Lair: D:8-11

Altars:
Ashenzari
Cheibriados
Elyvilon
Hepliaklqana
Kikubaaqudgha
Makhleb
Okawaru
Qazlal
Trog
Vehumet
Wu Jian
Yredelemnul
The Shining One

Shops:
D:3 *   D:5 [

Annotations:
D:8 Psyche


Innate Abilities, Weirdness & Mutations

You are a bat.
You are tiny and dextrous.
You move quickly.
You are flying.
Your equipment is almost entirely melded.
You are incapable of wielding weapons or throwing items.
You cannot cast spells.
((You have a pair of horns on your head.))
((You reflexively headbutt those who attack you in melee.))


Message History

Your +0 pair of gloves melds into your body.
Your +0 buckler melds into your body.
Your +0 plate armour melds into your body.
Your ring of fire melds into your body.
Your +2 whip of flaming stops flaming.
You closely miss something. Something hits you.
You barely miss something. Something hits you!
You completely miss something. Something hits you!
You feel your power leaking away.
You hit something. Something barely misses you.
You barely miss something. Something hits you!
You hit something. Something hits you!
You fade into invisibility!
Press: ? - help, v - describe, . - travel The floor.
There is a strange disturbance nearby!
You closely miss something. Something hits you. Something burns you.
You hit something. Something hits you.
You are poisoned.
You feel better. Something hits you. Something burns you. Something hits you!
* * * LOW HITPOINT WARNING * * *
You closely miss something. Something barely misses you.
You hit something but do no damage. Something hits you!
* * * LOW HITPOINT WARNING * * *
You feel much better. Something hits you!
You hit something. Something hits you.
You are poisoned.
You hit something.
You feel sick. Something hits you!
* * * LOW HITPOINT WARNING * * *
Something freezes you.
* * * LOW HITPOINT WARNING * * *
You feel much better.
You feel sick. Something hits you.
* * * LOW HITPOINT WARNING * * *
You are more poisoned.
Something hits you!
* * * LOW HITPOINT WARNING * * *
You are electrocuted!
* * * LOW HITPOINT WARNING * * *
As you read the scroll of teleportation, it crumbles to dust.
You feel strangely unstable.
You die...

#####.....)........###.####......
#......######### # #......
##......########## #......
#.......'......... #..#.##
##......##........ #..#.#
#......##.###._.# #..#.#
##...####...# ..# #..#.# ###.
#.#.##.##.# #..#.# #. #.#.b{....#
#.# ## #(####.#### #. ... .. ..#
## ##.# #.


There were no monsters in sight!

Vanquished Creatures
  Pikel (D:4)
  Prince Ribbit (D:8)
  Sigmund (D:2)
  A wyvern (D:8)
  Menkaure (D:6)
  A water moccasin (D:7)
  3 orc warriors
  A sky beast (D:6)
  A black bear (D:6)
  2 ogres (D:4)
  2 centaurs (D:7)
  A kobold brigand (D:8)
  Blork the orc (D:4)
  5 bullfrogs
  A scorpion (D:4)
  3 necrophages
  5 wights (D:7)
  4 jellies
  6 hounds
  Natasha (thrice) (D:4)
  5 iguanas
  Ijyb (D:4)
  5 orc wizards
  Robin (D:2)
  16 gnolls
  7 adders
  5 river rats (D:4)
  A white imp (D:6)
  3 ufetubi
  4 worms
  29 orcs
  8 endoplasms
  5 giant cockroaches
  20 goblins
  7 hobgoblins
  21 jackals
  2 quokkas
  5 ball pythons
  7 bats
  8 frilled lizards
  6 kobolds
  6 rats
216 creatures vanquished.

Vanquished Creatures (others)
  A gnoll (D:4)
1 creature vanquished.

Grand Total: 217 creatures vanquished

Notes
Turn   | Place    | Note
-------+----------+-------------------------------------------
     0 | D:1      | bencek the Minotaur Fighter began the quest for the Orb.
     0 | D:1      | Reached XP level 1. HP: 19/19 MP: 0/0
   197 | D:1      | Reached XP level 2. HP: 27/27 MP: 1/1
   338 | D:1      | Found a faded altar of an unknown god.
   535 | D:1      | Reached XP level 3. HP: 32/33 MP: 2/2
   541 | D:1      | Reached skill level 3 in Maces & Flails
   803 | D:1      | You fall into a shaft and drop 1 floor!
   805 | D:2      | Noticed Sigmund
  1075 | D:2      | Noticed Robin
  1266 | D:2      | Found an ancient bone altar of Kikubaaqudgha.
  1277 | D:2      | Reached XP level 4. HP: 40/40 MP: 3/3
  1521 | D:2      | Reached skill level 4 in Maces & Flails
  1523 | D:2      | Killed Robin
  1783 | D:3      | Found a bloodstained altar of Trog.
  1810 | D:3      | Became a worshipper of Trog the Wrathful
  1916 | D:3      | Found a glowing golden altar of the Shining One.
  2002 | D:3      | Reached XP level 5. HP: 47/47 MP: 4/4
  2228 | D:3      | Identified the +2 short sword of the Vaults {protect,
                  | +Blink rN+ Will+ MP+9}
  2287 | D:3      | Found Juzud's Assorted Antiques.
  2594 | D:4      | Reached skill level 5 in Maces & Flails
  2597 | D:4      | Reached * piety under Trog
  2608 | D:4      | Found a broken altar of Ashenzari.
  2734 | D:4      | Noticed Natasha
  2745 | D:4      | Reached skill level 6 in Maces & Flails
  2745 | D:4      | Reached XP level 6. HP: 53/53 MP: 5/5
  2747 | D:4      | Killed Natasha
  2755 | D:4      | Noticed Blork the orc
  2762 | D:4      | Killed Blork the orc
  2837 | D:4      | Noticed Natasha
  2843 | D:4      | Killed Natasha
  2844 | D:4      | Reached skill level 7 in Maces & Flails
  3326 | D:4      | Noticed Pikel
  3359 | D:4      | Killed Pikel
  3360 | D:4      | Reached skill level 9 in Maces & Flails
  3360 | D:4      | Reached XP level 7. HP: 60/60 MP: 6/6
  3464 | D:4      | Reached skill level 10 in Maces & Flails
  3464 | D:4      | Reached XP level 8. HP: 67/67 MP: 7/7
  3659 | D:4      | Found a stormy altar of Qazlal.
  3840 | D:4      | Reached skill level 11 in Maces & Flails
  4063 | D:4      | Noticed Natasha
  4067 | D:4      | Killed Natasha
  4067 | D:4      | Reached ** piety under Trog
  4069 | D:4      | Noticed Ijyb
  4078 | D:4      | Killed Ijyb
  4269 | D:5      | Entered Level 5 of the Dungeon
  4319 | D:5      | Found Rowoac's Antique Armour Shop.
  4397 | D:5      | Found a burning altar of Makhleb.
  4441 | D:5      | Found an iron altar of Okawaru.
  4449 | D:5      | Reached skill level 12 in Maces & Flails
  4970 | D:6      | Reached skill level 13 in Maces & Flails
  5176 | D:6      | Found a staircase to the Ecumenical Temple.
  5249 | D:6      | Reached XP level 9. HP: 72/72 MP: 8/8
  5420 | D:6      | Found a hazy altar of Hepliaklqana.
  5641 | D:6      | Noticed Menkaure
  5649 | D:6      | Killed Menkaure
  5872 | D:2      | Killed Sigmund
  5873 | D:2      | Reached skill level 14 in Maces & Flails
  6240 | D:7      | Found a basalt altar of Yredelemnul.
  6462 | D:7      | Reached *** piety under Trog
  6631 | D:7      | Reached skill level 15 in Maces & Flails
  7015 | D:7      | Found a white marble altar of Elyvilon.
  7385 | D:8      | Noticed Psyche
  7389 | D:8      | Found a radiant altar of Vehumet.
  7410 | D:8      | Reached skill level 16 in Maces & Flails
  7655 | D:8      | Found an ornate altar of the Wu Jian Council.
  7671 | D:8      | Found a snail-covered altar of Cheibriados.
  7675 | D:8      | Noticed Prince Ribbit
  7686 | D:8      | Killed Prince Ribbit
  7687 | D:8      | Reached XP level 10. HP: 80/80 MP: 9/9
  7706 | D:8      | HP: 3/80 [something (9)]
  7707 | D:8      | Succumbed to Psyche's poison

Illustrated notes

Levels and vault maps discovered:
D:1:      mrwooster_arrival_statue_3, layout_basic,
          chequers_ecumenical_altar_simple, grunt_decor_clamped,
          kennysheep_decorative_pillar, minmay_split_cup_large
D:2:      layout_basic, basic_altar, uniq_robin, uniq_sigmund
D:3:      layout_basic, lemuel_round_altar, tso_metal_star, serial_shops,
          nicolae_shop_advertising_works [nicolae_subvault_shop_adworks]
D:4:      layout_basic, cheibrodos_ashenzari_chains, grunt_qazlal_clouds,
          lightli_sewer_entry_pipes, uniq_natasha, uniq_pikel, uniq_ijyb,
          uniq_blork_the_orc
D:5:      layout_rooms, makhleb_heckhound_becter,
          mainiacjoe_overflow_surrounded_room, serial_shops,
          nicolae_shop_crystal, grunt_ministairs_1
D:6:      layout_loops_cross, mainiacjoe_overflow_cross_hatched,
          temple_fountains, lightli_orcish_oven, uniq_menkaure
D:7:      layout_gridville, kennysheep_ying_yang, roderic_roman_lattice
D:8:      layout_basic, lemuel_doored_altar, nicolae_vehumet_radiance,
          mainiacjoe_overflow_large_starburst, erik_lair_dragon,
          uniq_prince_ribbit1, uniq_psyche

Skill      XL: |  1  2  3  4  5  6  7  8  9 |
---------------+----------------------------+-----
Armour         | 4 |  4.9
Fighting       | 4 |  4.4
Shields        | 4 |  4.2
Maces & Flails | 3 4 6 9 10 13 16 | 16.3
Dodging        | |  0.2
Stealth        | |  0.1

Action                   |  1- 3 |  4- 6 |  7- 9 | 10-12 || total
-------------------------+-------+-------+-------+-------++-------
Melee: Flail             |    90 |   172 |       |       ||   262
       Headbutt          |     9 |    18 |    49 |       ||    76
       Whip              |       |       |   335 |     5 ||   340
       Unarmed           |       |       |       |    12 ||    12
Invok: Berserk           |       |     1 |       |       ||     1
  Use: Scroll            |     2 |     5 |     4 |     1 ||    12
       Potion            |       |     6 |     2 |     3 ||    11
Armor: Scale mail        |    52 |       |       |       ||    52
       Chain mail        |     4 |    55 |       |       ||    59
       Plate armour      |       |    48 |    85 |     2 ||   135
Dodge: Dodged            |    58 |    80 |    85 |     2 ||   225
Block: Buckler           |    27 |    45 |    39 |       ||   111
